 Dungeon Crawl Stone Soup version 0.31-a0-868-g674d60d6f7 (webtiles) character file.

Game seed: 10081962319110724422

554 LeprechaunX the Changeling (level 7, 0/46 HPs)
             Began as an Octopode Shapeshifter on Oct 11, 2023.
             Constricted to death by a ball python (1 damage)
             ... on level 4 of the Dungeon.
             The game lasted 00:07:38 (3765 turns).

LeprechaunX the Changeling (Octopode Shapeshifter)  Turns: 3765, Time: 00:07:38

Health: 0/46       AC: -7    Str: 15    XL:     7   Next: 30%
Magic:  7/7        EV: 11    Int: 12    God:
Gold:   178        SH:  0    Dex: 12    Spells: 6/6 levels left

rFire   . .          .
                       - Unarmed
rCold   + . .        (no shield)
rNeg    . . .        (helmet currently unavailable)
rPois   .            (no amulet)
rElec   .            p - ring of protection from cold
rCorr   .            (no ring)
SInv    .            (no ring)
Will    .....        (no ring)
Stlth   ++           (no ring)
HPRegen 0.27/turn    (no ring)
MPRegen 0.10/turn    (no ring)
                     (no ring)

%: no passive effects
@: beast-form, corroded, constricted
A: beast (slay +3), almost no armour, amphibious, 8 rings, camouflage 1,
gelatinous body 1, (nimble swimmer 1), tentacles
a: Begin Untransformation


You were on level 4 of the Dungeon.
You were a hulking beast.
You visited 1 branch of the dungeon, and saw 4 of its levels.

You collected 178 gold pieces.

Inventory:

Hand Weapons
 a - a +0 sling
Missiles
 n - 4 boomerangs (quivered)
Jewellery
 p - a ring of protection from cold (left tentacle)
 t - a ring of poison resistance
Talismans
 b - a beast talisman (active)
 c - a flux talisman
Wands
 l - a wand of polymorph (18)
Scrolls
 f - a scroll of fear {unknown}
 h - a scroll of noise {unknown}
 j - 2 scrolls of torment {unknown}
 m - a scroll of identify {unknown}
 q - a scroll of enchant armour {unknown}
 s - a scroll of amnesia {unknown}
Potions
 d - 2 potions of attraction {unknown}
 e - a potion of heal wounds {unknown}
 g - a potion of might {unknown}
 i - 2 potions of curing {unknown}
 k - 2 potions of brilliance {unknown}
 o - a potion of lignification
 r - 2 potions of degeneration {unknown}


   Skills:
 + Level 3.4 Fighting
 + Level 3.7 Dodging
 + Level 4.4 Unarmed Combat
 * Level 5.2 Shapeshifting


You had 6 spell levels left.
You didn't know any spells.
Your spell library contained the following spells:

 Spells                   Type           Power      Damage    Failure   Level
 Foxfire                  Conj/Fire      0%         2x1d4     32%         1
 Kiss of Death            Conj/Necr      0%         2d5       32%         1
 Summon Small Mammal      Summ           0%         N/A       32%         1
 Cigotuvi's Dreadful Rot  Necr/Pois/Air  0%         N/A       45%         2
 Call Canine Familiar     Summ           0%         N/A       69%         3
 Confusing Touch          Hex            0%         N/A       69%         3
 Ignite Poison            Fire/Tmut/Pois 0%         N/A       69%         3
 Inner Flame              Hex/Fire       0%         N/A       69%         3
 Summon Guardian Golem    Hex/Summ       0%         N/A       69%         3
 Tukima's Dance           Hex            0%         N/A       69%         3
 Dispel Undead            Necr           0%         3d6       97%         4
 Flame Wave               Conj/Fire      0%         2d4       97%         4
 Passage of Golubria      Tloc           0%         N/A       97%         4
 Sticky Flame             Conj/Fire      0%         2d3       97%         4
 Freezing Cloud           Conj/Ice/Air   0%         6-21      100%        5
 Yara's Violent Unravell  Hex/Tmut       0%         3d3       100%        5
 Plasma Beam              Fire/Air       0%         2x1d10    100%        6
 Starburst                Conj/Fire      0%         6d3       100%        6


Dungeon Overview and Level Annotations

Branches:
Dungeon (4/15)
 Temple: D:4-7

Altars:
Yredelemnul
Zin


Innate Abilities, Weirdness & Mutations

You are a hulking beast.
Your limbs bulge with bestial killing power. (Slay +3)
You cannot wear most types of armour.
You are amphibious.
You can wear up to eight rings at the same time.
Your skin changes colour to match your surroundings (Stealth+).
Your rubbery body absorbs attacks. (AC +1, EV +1)
((You are camouflaged when in or above water. (Stealth+)))
You have tentacles for arms and can constrict up to eight enemies at once.


Message History

You tentacle-slap the jelly. The acid corrodes you!
Your tentacles burn!
You squeeze the jelly!
The jelly is severely wounded.
The jelly hits you. The acid corrodes you!
You are splashed with acid!
The endoplasm barely misses you. The ball python bites you.
The ball python grabs you. The ball python constricts you.
You are too injured to fight recklessly!
You are too injured to fight recklessly!
You are too injured to fight recklessly!
You tentacle-slap the jelly.
Your tentacles burn!
The jelly is almost dead.
The ball python bites you.
* * * LOW HITPOINT WARNING * * *
The ball python constricts you.
* * * LOW HITPOINT WARNING * * *
The endoplasm misses you. The jelly closely misses you.
You tentacle-slap the jelly.
You kill the jelly!
The ball python closely misses you. The ball python constricts you.
* * * LOW HITPOINT WARNING * * *
The endoplasm freezes you.
You are frozen.
You resist.
You tentacle-slap the hobgoblin.
You kill the hobgoblin!
The ball python bites you.
* * * LOW HITPOINT WARNING * * *
The ball python constricts you.
* * * LOW HITPOINT WARNING * * *
The endoplasm hits you.
* * * LOW HITPOINT WARNING * * *
You tentacle-slap the endoplasm but do no damage.
The ball python bites you.
* * * LOW HITPOINT WARNING * * *
The ball python constricts you. The endoplasm barely misses you.
You tentacle-slap the endoplasm. You squeeze the endoplasm.
You kill the endoplasm!
The ball python bites you.
* * * LOW HITPOINT WARNING * * *
The ball python constricts you.
You die...

####.####....## #..#
#.#.# #...## #...
####.####..## ####
#.#...#.#'##
#.......#.#
#.......#.# #######
#...)...#.#####≈≈≈≈≈#
#...)...#..>...≈###≈#
#...h...#......≈#_#≈#
#..S).!.#...###≈#'#≈#
#.......#.#.###≈≈.≈≈#
#...⌠...#.#.#........
#.......#.....#..####
#....!..#.#.###..#
#.......#.#......#
#.......#........#
### #.########


You could see a ball python.

Vanquished Creatures
  2 black bears (D:4)
  A jelly (D:4)
  An orc priest (D:3)
  3 iguanas (D:4)
  An orc wizard (D:3)
  Natasha (thrice) (D:3)
  A gnoll (D:4)
  3 adders
  2 worms (D:2)
  A dart slug (D:3)
  7 orcs
  10 ball pythons
  4 bats
  13 endoplasms
  2 giant cockroaches
  8 goblins
  10 hobgoblins
  2 jackals (D:2)
  11 kobolds
  5 quokkas
  6 frilled lizards
  5 rats
101 creatures vanquished.

Notes
Turn   | Place    | Note
-------+----------+-------------------------------------------
     0 | D:1      | LeprechaunX the Octopode Shapeshifter began the quest for
                  | the Orb.
     0 | D:1      | Reached XP level 1. HP: 13/13 MP: 1/1
   116 | D:1      | Reached XP level 2. HP: 18/18 MP: 2/2
   422 | D:1      | Reached XP level 3. HP: 23/23 MP: 3/3
  1041 | D:2      | Found a glowing silver altar of Zin.
  1454 | D:2      | Reached XP level 4. HP: 27/29 MP: 4/4
  1974 | D:3      | Noticed Natasha
  1982 | D:3      | Killed Natasha
  2244 | D:3      | Reached skill level 4 in Shapeshifting
  2352 | D:3      | Noticed Natasha
  2366 | D:3      | Reached XP level 5. HP: 23/34 MP: 5/5
  2480 | D:3      | Found a faded altar of an unknown god.
  2492 | D:3      | Killed Natasha
  2582 | D:3      | Noticed Natasha
  2593 | D:3      | Killed Natasha
  2594 | D:3      | Reached XP level 6. HP: 12/41 MP: 6/6
  3328 | D:4      | Noticed a black bear
  3333 | D:4      | Killed a black bear
  3375 | D:4      | Noticed a black bear
  3381 | D:4      | Killed a black bear
  3382 | D:4      | Reached skill level 5 in Shapeshifting
  3382 | D:4      | Reached XP level 7. HP: 46/46 MP: 7/7
  3553 | D:4      | Found a basalt altar of Yredelemnul.
  3765 | D:4      | HP: 1/46 [ball python (3)]
  3765 | D:4      | Constricted to death by a ball python

Illustrated notes

Levels and vault maps discovered:
D:1:      amcnicky_arrival_underground_garden, layout_basic,
          serial_bayou_lagoon_b
D:2:      layout_loops_corners, basic_altar
D:3:      layout_basic, shapermc_ecumenical_altar_starsandcircs,
          minmay_misc_feat_alley, uniq_natasha
D:4:      layout_loops_corners, kennysheep_mini_moat,
          ebering_dispersal_statue_hall, wad_rectangle_vault

Skill      XL: |  1  2  3  4  5  6 |
---------------+-------------------+-----
Fighting       | 2 3 |  3.4
Shapeshifting  | 4 5 |  5.2
Dodging        | 3 |  3.7
Unarmed Combat | 4 |  4.4

Action                     |  1- 3 |  4- 6 |  7- 9 || total
---------------------------+-------+-------+-------++-------
  Melee: Unarmed           |    77 |    89 |    27 ||   193
         Tentacles         |    16 |    17 |     6 ||    39
         Constrict         |    14 |    22 |     8 ||    44
         Punch             |     2 |     2 |     1 ||     5
  Throw: Boomerang         |       |     7 |       ||     7
   Stab: Sleeping          |     9 |     5 |     3 ||    17
 Armour: Skin              |    22 |    38 |    14 ||    74
  Dodge: Dodged            |    34 |    42 |    16 ||    92

Table legend: (Time is in decaauts)
 A = Elapsed time spent in this place.
 B = Non-inter-level travel time spent in this place.
 C = Inter-level travel time spent in this place.
 D = Time resting spent in this place.
 E = Time spent auto-exploring this place.
 F = Levels seen in this place.
 G = Mean time per level.
                   A        B        C        D        E       F      G
               +--------+--------+--------+--------+--------+-----+--------+
         Total |   3762 |   3591 |    171 |    172 |   2804 |   4 |  940.5 |
       Dungeon |   3762 |   3591 |    171 |    172 |   2804 |   4 |  940.5 |
               +--------+--------+--------+--------+--------+-----+--------+

Top non-repeatable levels by time:
     D:3: 1139 daAuts
     D:2: 980 daAuts
     D:1: 847 daAuts
     D:4: 795 daAuts
